 Dungeon Crawl Stone Soup version 0.31-a0-255-g9c3d1c461a (webtiles) character file.

Game seed: 13600292328110551343

250 qw the Shooter (level 6, -4/37 HPs)
             Began as a Gargoyle Hexslinger on July 12, 2023.
             Slain by Sigmund
             ... wielding a +2 scythe of venom
              (9 damage)
             ... on level 4 of the Dungeon.
             The game lasted 00:00:59 (2699 turns).

qw the Shooter (Gargoyle Hexslinger)                Turns: 2699, Time: 00:00:59

Health: -4/37      AC:  7    Str: 18    XL:     6   Next: 13%
Magic:  7/7        EV: 11    Int: 13    God:
Gold:   63         SH:  0    Dex: 14    Spells: 6/7 levels left

rFire   . . .        Y - +1 sling
rCold   . . .        (no shield)
rNeg    + . .        d - +0 leather armour
rPois   inf          (no helmet)
rElec   +            (no cloak)
rCorr   .            (no gloves)
SInv    .            (no boots)
Will    .....        e - amulet of regeneration
Stlth   +            a - +6 ring of strength
HPRegen 1.06/turn    (no ring)
MPRegen 0.10/turn

%: no passive effects
@: no status effects
A: sickness immunity, AC +4, negative energy resistance 1, electricity
resistance, torment resistance 1, petrification resistance
a: no special abilities


You were on level 4 of the Dungeon.
You visited 1 branch of the dungeon, and saw 4 of its levels.

You collected 111 gold pieces.
You spent 48 gold pieces at shops.


Innate Abilities, Weirdness & Mutations

You are immune to sickness and miasma.
Your stone body is resilient. (AC +4)
You are immune to poison.
You resist negative energy. (rN+)
You are resistant to electric shocks. (rElec)
You are resistant to unholy torment.
You are immune to petrification.


   Skills:
 - Level 3.1 Fighting
 + Level 5.5 Ranged Weapons
 - Level 1.5 Dodging
 - Level 1.0 Spellcasting
 - Level 2.6 Hexes


You had 6 spell levels left.
You knew the following spells:

 Your Spells              Type           Power      Damage    Failure   Level
a - Slow                  Hex            28%        N/A       11%         1

Your spell library contained the following spells:

 Spells                   Type           Power      Damage    Failure   Level
 Inner Flame              Hex/Fire       4%         N/A       50%         3
 Portal Projectile        Hex/Tloc       8%         N/A       50%         3
 Cause Fear               Hex            3%         N/A       73%         4

Inventory:

Hand Weapons
 Y - a +1 sling (weapon)
Armour
 d - a +0 leather armour (worn)
Jewellery
 a - a +6 ring of strength (left hand)
 e - an amulet of regeneration (around neck)
Scrolls
 b - a scroll of identify
Potions
 c - a potion of attraction {unknown}
 f - a potion of heal wounds
 j - a potion of mutation {unknown}

Dungeon Overview and Level Annotations

Branches:
Dungeon (4/15)
 Temple: D:4-7

Altars:
Xom

Shops:
D:2 ?

Annotations:
D:2 1 runed translucent door, Crazy Yiuf
D:4 Sigmund


Message History

Deactivating autopickup; reactivate with Ctrl-A.
Sigmund gestures wildly while chanting.
Sigmund flickers and vanishes!
You shoot a sling bullet.
The sling bullet closely misses the orc.
You shoot a sling bullet.
The sling bullet hits the orc but does no damage.
The orc barely misses you.
You shoot a sling bullet.
The sling bullet hits the orc but does no damage.
The orc barely misses you.
You shoot a sling bullet. The sling bullet hits the orc.
The orc is lightly wounded.
The orc barely misses you. Something hits you.
You shoot a sling bullet. The sling bullet hits the orc!
You kill the orc!
Something hits you.
You shoot a sling bullet.
You hear some strange, mumbled words.
A puff of flame appears from out of thin air!
The puff of flame hits you.
You shoot a sling bullet. Something hits you. Something hits you!
You shoot a sling bullet. Something hits you but does no damage.
A magic dart appears from out of thin air!
The magic dart hits something.
Something hits you but does no damage.
You shoot a sling bullet. Something hits you.
Something hits you but does no damage.
You shoot a sling bullet. Something hits you but does no damage.
Something hits you!
You shoot a sling bullet. Something hits you but does no damage.
Something hits you.
You shoot a sling bullet. Something hits you.
You shoot a sling bullet.
You hear some strange, mumbled words.
A puff of flame appears from out of thin air!
The puff of flame hits you. Something hits you!
You die...

#............##.#
##..)%)<..#...##.#
~~~~¤.#..........#
~...~~#..........#
.00~¤~#.........## #
.0_.~...#.....######.#
~¤.~.~...............#
¤~~.~¤#..###.........#
¤¤¤~~...........@....#
########........{....#
#####.....$......
#.....)...<..
#.........#..
#.........# .
####..##)## .... .#


There were no monsters in sight!

Vanquished Creatures
  A jelly (D:4)
  Natasha (thrice) (D:3)
  An orc wizard (D:3)
  A gnoll (D:4)
  4 adders
  A worm (D:2)
  3 dart slugs
  7 orcs
  2 bats
  An endoplasm (D:1)
  4 giant cockroaches
  11 goblins
  2 hobgoblins
  7 ball pythons
  4 frilled lizards
  6 kobolds
  5 rats
63 creatures vanquished.

Vanquished Creatures (others)
  An ogre (D:4)
  An iguana (D:4)
2 creatures vanquished.

Grand Total: 65 creatures vanquished

Notes
Turn   | Place    | Note
-------+----------+-------------------------------------------
     0 | D:1      | qw the Gargoyle Hexslinger began the quest for the Orb.
     0 | D:1      | Reached XP level 1. HP: 12/12 MP: 2/2
     0 | D:1      | 0 ||| qw: Version: 0.3-a-52-g30416fa
     0 | D:1      | 0 ||| qw: Game counter: 6646
     0 | D:1      | 0 ||| qw: Melee chars always use a shield: true
     0 | D:1      | 0 ||| qw: God list: Okawaru
     0 | D:1      | 0 ||| qw: Allow faded altars: false
     0 | D:1      | 0 ||| qw: Do Orc after clearing Dungeon:15 true
     0 | D:1      | 0 ||| qw: Do second Lair branch before Depths: true
     0 | D:1      | 0 ||| qw: Lair rune preference: random
     0 | D:1      | 0 ||| qw: Goals: Normal
     0 | D:1      | 0 ||| PLANNING D:1-11
    81 | D:1      | Reached XP level 2. HP: 16/16 MP: 3/3
   206 | D:1      | Reached skill level 3 in Ranged Weapons
   268 | D:1      | Reached XP level 3. HP: 16/21 MP: 4/4
   602 | D:1      | 602 ||| UPGRADING to amulet of regeneration.
   607 | D:1      | 607 ||| READING scroll labelled WESOVEJ ULYUFOAWEPT.
   611 | D:1      | 611 ||| DROPPING scroll of poison.
   777 | D:2      | Found Juafagiv's Magic Scroll Emporium.
   785 | D:2      | 785 ||| BUYING scroll of identify (24 gold).
   785 | D:2      | Bought a scroll of identify for 24 gold pieces
   785 | D:2      | 785 ||| BUYING scroll of identify (24 gold).
   785 | D:2      | Bought a scroll of identify for 24 gold pieces
  1473 | D:2      | Found a runed translucent door.
  1474 | D:2      | Noticed Crazy Yiuf
  1477 | D:2      | 1477 ||| UPGRADING to +0 leather armour.
  1487 | D:2      | 1487 ||| DROPPING +0 robe.
  1488 | D:2      | 1488 ||| UPGRADING to +6 ring of strength.
  1489 | D:2      | 1489 ||| READING 2 scrolls of identify.
  1489 | D:2      | 1489 ||| IDENTIFYING glowing sapphire potion
  1559 | D:3      | Reached XP level 4. HP: 26/26 MP: 5/5
  1688 | D:3      | Noticed Natasha
  1692 | D:3      | 1692 ||| Stepping ~*~*~tactically~*~*~ (outnumbered).
  1693 | D:3      | Killed Natasha
  1694 | D:3      | Reached skill level 4 in Ranged Weapons
  1742 | D:3      | HP: 4/26 [orc/+0 club (5)]
  1743 | D:3      | 1743 ||| DRINKING 3 potions of heal wounds.
  1754 | D:3      | HP: 6/26 [orc/+0 club (3)]
  1755 | D:3      | 1755 ||| DRINKING 2 potions of heal wounds.
  1772 | D:3      | Reached XP level 5. HP: 25/30 MP: 6/6
  1819 | D:3      | Noticed Natasha
  1831 | D:3      | Killed Natasha
  1832 | D:3      | Reached skill level 5 in Ranged Weapons
  2134 | D:3      | Noticed Natasha
  2141 | D:3      | Killed Natasha
  2494 | D:3      | Found a faded altar of an unknown god.
  2576 | D:3      | 2576 ||| READING scroll labelled FUDWAQ ATHA.
  2577 | D:3      | 2577 ||| READING scroll labelled JUWAXT ZERUSK.
  2578 | D:3      | 2578 ||| READING 3 scrolls of identify.
  2578 | D:3      | 2578 ||| IDENTIFYING purple potion
  2579 | D:3      | 2579 ||| READING 2 scrolls of identify.
  2579 | D:3      | 2579 ||| IDENTIFYING dark potion
  2580 | D:3      | 2580 ||| DROPPING potion of magic.
  2581 | D:3      | 2581 ||| DROPPING potion of ambrosia.
  2584 | D:4      | Noticed an ogre
  2584 | D:4      | Found a shimmering altar of Xom.
  2590 | D:4      | Killed an ogre
  2594 | D:4      | 2594 ||| Stepping ~*~*~tactically~*~*~ (outnumbered).
  2597 | D:4      | Reached skill level 3 in Fighting
  2644 | D:4      | Reached XP level 6. HP: 15/37 MP: 7/7
  2683 | D:4      | Noticed Sigmund
  2696 | D:4      | HP: 9/37 [something (9)]
  2699 | D:4      | Slain by Sigmund

Levels and vault maps discovered:
D:1:      psy_arrival_basics, layout_basic
D:2:      layout_loops_corners, serial_shops, nicolae_shop_tiny_statue_garden,
          uniq_crazy_yiuf_cottage
D:3:      layout_basic, shapermc_ecumenical_altar_hornbeckon, uniq_natasha
D:4:      layout_basic, xom_confusion_cloud, biasface_ghost_orc_armoury,
          serial_shops, shop, minmay_three_crescents, uniq_sigmund

Skill      XL: |  1  2  3  4  5 |
---------------+----------------+-----
Ranged Weapons | 3 4 5 |  5.5
Fighting       | 2 3 |  3.1
Dodging        | |  1.5
Spellcasting   | |  1.0
Hexes          | |  2.6

Action                     |  1- 3 |  4- 6 || total
---------------------------+-------+-------++-------
   Fire: Sling             |   105 |   142 ||   247
    Use: Scroll            |     2 |     4 ||     6
         Potion            |       |     2 ||     2
 Armour: Robe              |     9 |       ||     9
         Leather armour    |       |    73 ||    73
  Dodge: Dodged            |    23 |    62 ||    85

Table legend:
 A = Non-vault XP
 B = Vault XP
 C = Vault XP percentage of total XP
 D = Non-vault monster count
 E = Vault monster count
 F = Vault count percentage of total count
                 A         B        C        D         E       F
            +---------+---------+-------+---------+---------+-------
      Total |     270 |      88 |  24.6 |      53 |      10 |  15.9
            +---------+---------+-------+---------+---------+-------
        D:1 |      37 |       0 |   0.0 |      21 |       0 |   0.0
        D:2 |      33 |       0 |   0.0 |      11 |       0 |   0.0
        D:3 |     144 |      35 |  19.6 |      16 |       1 |   5.9
        D:4 |      56 |      53 |  48.6 |       5 |       9 |  64.3
            +---------+---------+-------+---------+---------+-------
